AoeStats
← 17525

Runestones

507691799Analyzed
1v1 RM · 14d ago on Sep 19, 2026· 70m 14s· 2 players
Game mode
Random Map
Map size
Tiny (2 player)
Population
200
Speed
Normal
Resources
Standard
Victory
Conquest
Starting age
Dark Age
Ending age
Imperial Age
RankedLock teamsTeams togetherTeam positionsShared explorationLock speedFull tech treeHidden civsTurbo modeCheats
Victory
Defeat
🇹🇼 Huns · Taiwan
316
+14
🇬🇧 Burgundians · United Kingdom
275
-14
lisamskelton
12:03 Feudal Age
10:19 Loom
17:56 Wheelbarrow
19:00 Double-Bit Axe
18:58 Horse Collar
19:12 Gold Mining
19:15 Stone Mining
24:14 Hand Cart
28:18 Town Watch
29:03 Bow Saw
31:01 Man-at-Arms
34:47 Castle Age
33:52 Gold Shaft Mining
33:54 Stone Shaft Mining
35:22 Pikeman
35:22 Long Swordsman
35:29 Cavalier
35:31 Light Cavalry
38:15 Heavy Plow
40:45 Arson
41:01 Squires
41:09 Husbandry
41:13 Guard Tower
46:33 Murder Holes
50:29 Imperial Age
52:17 Chemistry
53:53 Keep
52:44 Two-Handed Swordsman
62:29 Hussar
17525
13:13 Feudal Age
11:29 Loom
14:12 Horse Collar
17:55 Double-Bit Axe
29:03 Castle Age
27:32 Fletching
28:11 Bloodlines
30:28 Squires
30:39 Heavy Plow
31:00 Gold Mining
33:16 Wheelbarrow
33:34 Thumb Ring
37:14 Pikeman
40:43 Imperial Age
39:38 Ballistics
39:39 Bow Saw
39:46 Padded Archer Armor
39:58 Husbandry
42:44 Halberdier
45:50 Hand Cart
46:41 Two-Man Saw
48:22 Parthian Tactics
49:51 Leather Archer Armor
53:49 Heavy Cavalry Archer
54:27 Light Cavalry
56:28 Bodkin Arrow
60:43 Bracer
Connection lost

Rejoining the realm…

Still unreachable

The connection could not be restored.

Session expired

The server has moved on; the page needs a fresh start.